 Dungeon Crawl Stone Soup version 0.31-a0-133-gaae73658be (webtiles) character file.

Game seed: 9354768859164061364

1879611 iguanaiguana the Merry Ant (level 27, 212/212 HPs)
             Began as a Formicid Hexslinger on June 2, 2023.
             Was the Champion of Hepliaklqana.
             Escaped with the Orb
             ... and 3 runes on June 3, 2023!
             The game lasted 02:52:28 (54876 turns).

iguanaiguana the Merry Ant (Formicid Hexslinger)   Turns: 54876, Time: 02:52:29

Health: 212/212    AC: 27    Str: 27    XL:     27
Magic:  36/36      EV: 22    Int: 17    God:    Hepliaklqana [******]
Gold:   6763       SH: 25    Dex: 26    Spells: 22/36 levels left

rFire   + + .        c - +10 triple crossbow "Gakh" {freeze, rF+ Str+2}
rCold   + + .        m - +0 tower shield
rNeg    + . .        l - +8 faerie dragon scales {rC+ rCorr Str+2 Dex+2 Stlth-}
rPois   .            (helmet unavailable)
rElec   +            q - +2 cloak
rCorr   +            v - +2 pair of gloves
SInv    +            n - +2 pair of boots
Will    ++...        D - amulet of guardian spirit
Stlth   +            Y - ring "Uquap" {rElec Str+6}
HPRegen 0.55/turn    j - ring "Caeck" {rF+ rC+ rN+ Str+6}
MPRegen 0.25/turn

%: guardian spirit
@: studying 2 skills
A: reduced essence, permanent stasis, dig shafts and tunnels, antennae 3, four
strong arms, weak 2
0: Orb of Zot
}: 3/15 runes: decaying, silver, gossamer
a: Dig, Shaft Self, Renounce Religion, Recall Ancestor, Ancestor Identity,
Transference, Idealise


You escaped.
You worshipped Hepliaklqana.
Hepliaklqana was exalted by your worship.
You visited 9 branches of the dungeon, and saw 47 of its levels.
You also visited: Ice Cave.

You collected 9301 gold pieces.
You spent 2538 gold pieces at shops.

Inventory:

Hand Weapons
 c - the +10 triple crossbow "Gakh" (weapon) {freeze, rF+ Str+2}
   (You acquired it on level 13 of the Dungeon)

   Str:       It affects your strength (+2).
   rF:        It protects you from fire.
Missiles
 f - 5 javelins
 w - 2 curare-tipped darts
 N - 5 throwing nets
Armour
 l - the +8 faerie dragon scales (worn) {rC+ rCorr Str+2 Dex+2 Stlth-}
   (You took it off the Enchantress on level 3 of the Depths)

   Str:       It affects your strength (+2).
   Dex:       It affects your dexterity (+2).
   rC:        It protects you from cold.
   rCorr:     It protects you from acid and corrosion.
   Stlth:     It makes you less stealthy.
 m - a +0 tower shield (worn)
 n - a +2 pair of boots (worn)
 q - a +2 cloak (worn)
 v - a +2 pair of gloves (worn)
 K - +9 gold dragon scales
 L - a +0 kite shield
Jewellery
 g - the ring of Dozeab {Fly rPois rF- Dex+3 SInv}
   (You found it on level 4 of the Lair of Beasts)

   [ring of see invisible]

   Dex:       It affects your dexterity (+3).
   rF:        It makes you vulnerable to fire.
   rPois:     It protects you from poison.
   SInv:      It lets you see invisible.
   Fly:       It grants you flight.
 j - the ring "Caeck" (right hand) {rF+ rC+ rN+ Str+6}
   (You found it on level 2 of the Vaults)

   [ring of strength]

   Str:       It affects your strength (+6).
   rF:        It protects you from fire.
   rC:        It protects you from cold.
   rN:        It protects you from negative energy.
 z - a ring of poison resistance
 D - an amulet of guardian spirit (around neck)
 H - a ring of willpower
 Y - the ring "Uquap" (left hand) {rElec Str+6}
   (You took it off a deep elf zephyrmancer on level 3 of the Elven Halls)

   [ring of strength]

   Str:       It affects your strength (+6).
   rElec:     It insulates you from electricity.
Wands
 d - a wand of paralysis (43)
 h - a wand of acid (41) {@v1}
 A - a wand of digging (31) {@v3}
 O - a wand of mindburst (25)
 W - a wand of roots (58)
Scrolls
 a - 6 scrolls of amnesia
 b - 9 scrolls of poison
 e - 8 scrolls of immolation
 o - 6 scrolls of magic mapping {@r5}
 p - a scroll of torment
 s - 4 scrolls of butterflies
 t - 2 scrolls of fog
 E - 6 scrolls of enchant weapon
 G - 4 scrolls of silence
 Q - 2 scrolls of brand weapon
 R - 10 scrolls of vulnerability
 T - 5 scrolls of fear
Potions
 i - 6 potions of ambrosia
 k - 7 potions of curing {@q1}
 r - 11 potions of attraction
 x - 8 potions of brilliance
 B - 2 potions of cancellation
 C - 5 potions of invisibility
 F - 6 potions of lignification
 J - 2 potions of resistance {@q5}
 M - 6 potions of enlightenment
 P - a potion of mutation
 U - 13 potions of might {@q3}
 V - 3 potions of heal wounds {@q2}
 X - 2 potions of magic
Miscellaneous
 u - a lightning rod (4/4)
 y - a phantom mirror
 I - a condenser vane
 S - a box of beasts
 Z - a phial of floods


   Skills:
 + Level 23.4 Fighting
 O Level 27 Ranged Weapons
 - Level 10.7 Armour
 - Level 12.0 Dodging
 - Level 6.0 Stealth
 - Level 20.0 Shields
 - Level 5.0 Spellcasting
 - Level 7.0 Hexes
 - Level 10.0 Necromancy
 - Level 13.0 Translocations
 - Level 13.0 Earth Magic
 - Level 18.5 Invocations
 - Level 16.1 Evocations


You had 22 spell levels left.
You knew the following spells:

 Your Spells              Type           Power      Damage    Failure   Level
a - Portal Projectile     Hex/Tloc       76%        N/A       1%          3
b - Slow                  Hex            100%       N/A       1%          1
c - Apportation           Tloc           96%        N/A       1%          1
d - Borgnjor's Vile Clut  Necr/Erth      21%        N/A       6%          5
e - Passage of Golubria   Tloc           48%        N/A       1%          4

Your spell library contained the following spells:

 Spells                   Type           Power      Damage    Failure   Level
 Necrotise                Necr           100%       1d9       1%          1
 Sandblast                Erth           96%        2d20      1%          1
 Lesser Beckoning         Tloc           96%        N/A       1%          2
 Sublimation of Blood     Necr           38%        N/A       1%          2
 Gell's Gravitas          Tloc           48%        N/A       1%          3
 Teleport Other           Tloc           48%        N/A       1%          3
 Vampiric Draining        Necr           38%        2d8       1%          3
 Momentum Strike          Conj/Tloc      52%        3d9       2%          2
 Passwall                 Tmut/Erth      21%        N/A       2%          2
 Lee's Rapid Deconstruct  Erth           24%        3d13*     3%          5
 Confusing Touch          Hex            28%        N/A       4%          3
 Tukima's Dance           Hex            28%        N/A       4%          3
 Animate Dead             Necr           38%        N/A       4%          4
 Dispel Undead            Necr           38%        3d16      4%          4
 Leda's Liquefaction      Hex/Erth       19%        N/A       4%          4
 Stone Arrow              Conj/Erth      52%        3d10      5%          3
 Volatile Blastmotes      Fire/Tloc      52%        2d14      5%          3
 Anguish                  Hex/Necr       16%        N/A       8%          4
 Ensorcelled Hibernation  Hex/Ice        32%        N/A       10%         2
 Cigotuvi's Dreadful Rot  Necr/Pois/Air  30%        N/A       11%         2
 Agony                    Necr           38%        N/A       12%         5
 Cause Fear               Hex            14%        N/A       14%         4
 Dazzling Flash           Conj/Hex       32%        N/A       19%         3
 Inner Flame              Hex/Fire       16%        N/A       19%         3
 Summon Guardian Golem    Hex/Summ       16%        N/A       19%         3
 Animate Armour           Summ/Erth      52%        N/A       19%         4
 Iskenderun's Mystic Bla  Conj/Tloc      26%        2d7       19%         4
 Petrify                  Tmut/Erth      26%        N/A       19%         4
 Beastly Appendage        Tmut           8%         N/A       26%         1
 Foxfire                  Conj/Fire      16%        2x1d4     26%         1
 Freeze                   Ice            16%        1d4       26%         1
 Magic Dart               Conj           16%        1d3       26%         1
 Shock                    Conj/Air       16%        1d4       26%         1
 Sting                    Tmut/Pois      16%        1d3       26%         1
 Summon Small Mammal      Summ           16%        N/A       26%         1
 Poisonous Vapours        Pois/Air       8%         N/A       36%         2
 Searing Ray              Conj           8%         2d4       36%         2
 Static Discharge         Conj/Air       8%         2-3/arc   36%         2
 Wereblood                Tmut           4%         N/A       36%         2
 Summon Forest            Summ/Tloc      13%        N/A       45%         5
 Fulminant Prism          Conj/Hex       8%         3d7       52%         4
 Death Channel            Necr           19%        N/A       54%         6
 Call Canine Familiar     Summ           4%         N/A       61%         3
 Frozen Ramparts          Ice            8%         1d2       61%         3
 Hailstorm                Conj/Ice       4%         3d4       61%         3
 Ignite Poison            Fire/Tmut/Pois 4%         N/A       61%         3
 Mephitic Cloud           Conj/Pois/Air  4%         N/A       61%         3
 Ozocubu's Armour         Ice            4%         N/A       61%         3
 Spider Form              Tmut/Pois      4%         N/A       61%         3
 Silence                  Hex/Air        8%         N/A       86%         5
 Yara's Violent Unravell  Hex/Tmut       8%         3d5       86%         5
 Airstrike                Air            2%         2d(1-17)  95%         4
 Flame Wave               Conj/Fire      4%         2d5       95%         4
 Ice Form                 Ice/Tmut       4%         N/A       95%         4
 Olgreb's Toxic Radiance  Pois           4%         N/A       95%         4
 Sticky Flame             Conj/Fire      4%         2d3       95%         4
 Summon Lightning Spire   Summ/Air       4%         N/A       95%         4
 Leda's Unmaking          Conj/Erth      13%        9d3       95%         6
 Statue Form              Tmut/Erth      17%        N/A       95%         6
 Simulacrum               Ice/Necr       10%        N/A       99%         6
 Blade Hands              Tmut           2%         N/A       100%        5
 Fireball                 Conj/Fire      2%         3d4       100%        5
 Freezing Cloud           Conj/Ice/Air   2%         6-21      100%        5
 Irradiate                Conj/Tmut      2%         3d12      100%        5
 Iskenderun's Battlesphe  Conj           4%         2d6       100%        5
 Conjure Ball Lightning   Conj/Air       2%         3x3d6     100%        6
 Eringya's Noxious Bog    Tmut/Pois      2%         N/A       100%        6
 Plasma Beam              Fire/Air       2%         2x1d12    100%        6
 Starburst                Conj/Fire      2%         6d3       100%        6
 Enfeeble                 Hex            14%        N/A       100%        7
 Orb of Destruction       Conj           2%         9d5       100%        7
 Ozocubu's Refrigeration  Ice            2%         4d7       100%        7
 Spellforged Servitor     Conj/Summ      2%         N/A       100%        7
 Storm Form               Tmut/Air       2%         N/A       100%        7
 Summon Hydra             Summ           2%         N/A       100%        7
 Borgnjor's Revivificati  Necr           19%        N/A       100%        8
 Discord                  Hex            14%        N/A       100%        8
 Ignition                 Fire           2%         3d3       100%        8
 Maxwell's Capacitive Co  Air            2%         ∞         100%        8
 Necromutation            Tmut/Necr      10%        N/A       100%        8
 Chain Lightning          Conj/Air       2%         3d2       100%        9
 Death's Door             Necr           19%        N/A       100%        9
 Fire Storm               Conj/Fire      2%         8d1       100%        9
 Polar Vortex             Ice            2%         N/A       100%        9
 Shatter                  Erth           24%        3d21*     100%        9
 Blink                    Tloc           Unusable   N/A       N/A         2
 Swiftness                Air            Unusable   N/A       N/A         3

Dungeon Overview and Level Annotations

Branches:
Dungeon (15/15)            Temple (0/1) D:6            Lair (5/5) D:9
  Swamp (4/4) Lair:3       Spider (4/4) Lair:3        Slime (0/5) Lair:4
    Orc (2/2) D:10            Elf (3/3) Orc:2        Vaults (5/5) D:14
  Crypt (0/3) Vaults:2     Depths (4/4) D:15            Zot (5/5) Depths:4
  IceCv (visited)

Altars:
Ashenzari
Dithmenos
Hepliaklqana
Makhleb
Nemelex Xobeh
Ru
Sif Muna
Trog
Wu Jian
Xom
Yredelemnul
Zin
Jiyva
Lugonu

Shops:
D:5 (   D:9 [   D:10 **[   D:13 ?   Orc:2 (=?:*   Elf:1 :   Elf:2 (
Vaults:1 *   Depths:4 :=:

Portals:
Hell: Depths:1 Depths:2 Depths:3 Depths:4
Abyss: Lair:5 Depths:1 Depths:2 Depths:3 Depths:4
Pandemonium: Depths:2
Ziggurat: Depths:1

Annotations:
D:4 3 runed translucent doors, TheGamechu's ghost, amateur HOFi
Elf:3 1 exclusion
Vaults:1 2 runed translucent doors, Vogeir's ghost, veteran HuIE
Vaults:4 exclusion: downstairs
Depths:1 exclusions: ancient lich and 2 more exclusions
Zot:2 exclusion: 2 doors
Zot:5 6 transporters, 2 exclusions


Innate Abilities, Weirdness & Mutations

Your life essence is reduced to manifest your ancestor. (-10% HP)
You cannot be hasted, slowed, berserked, paralysed or teleported.
You can dig through walls and to a lower floor.
You have a pair of large antennae on your head. (SInv)
Your four strong arms can wield two-handed weapons with a shield.
You are very weak. (Str -4)


Message History

The rust devil screeches!
The Giaggostuono barely misses the shadow demon.
The shadow demon gestures.
The Giaggostuono hits the shadow demon with a +0 broad axe of speed!
The Giaggostuono barely misses the kobold.
The Giaggostuono hits the rat with a +0 broad axe of speed!
The rat dies!
The rat's corpse dissolves into shadows!
The Giaggostuono hits the shadow demon with a +0 broad axe of speed!
The Giaggostuono hits the kobold with a +0 broad axe of speed!
The kobold dies!
The kobold's corpse dissolves into shadows!
The Giaggostuono blocks the shadow demon's attack.
The Giaggostuono barely misses the shadow demon.
The Giaggostuono hits the orc with a +0 broad axe of speed.
The Giaggostuono blocks the orc's attack.
The shadow demon hits The Giaggostuono!
The Giaggostuono hits the shadow demon with a +0 broad axe of speed!!
The Giaggostuono hits the orc with a +0 broad axe of speed!
The orc dies!
The orc's corpse dissolves into shadows!
The Giaggostuono blocks the shadow demon's attack.
You see here a +0 sling.
The Giaggostuono hits the shadow demon with a +0 broad axe of speed.
The shadow demon hits The Giaggostuono. 5 stones; a +0 club You see here a +0 scale mail.
There is a stone staircase leading up here.
You climb upwards.
There is a stone staircase leading down here.
The Giaggostuono is recalled.
Magic restored.
You sense a monster nearby.
There is an escape hatch in the ceiling here.
A mysterious force pulls you upwards. The hatch slams shut behind you.
There is a staircase leading out of the dungeon here.
You swap places.
There is a staircase leading out of the dungeon here.
You can't go down here!
You have escaped!

# # ######### #########
#........
#####.......######.######.
#.....###'#........# #.
#.##### #.########.# #.
#.# ###.### #.# #. #.#
#..@..# ##.######.
#.#######R#######.......#.
#.+.............'.#####(#.
#)####.#####.####.# #.##
#.####.#####.##...# #.##
#...'.........+..## #...
#########.######.# ####
#...........#.#
######.######.#


You could see the friendly The Giaggostuono the knight (reflecting).

Vanquished Creatures
  A pandemonium lord (Depths:4)
  3 ancient liches
  3 dread liches
  An orb of fire (Zot:4)
  Boris (Depths:3)
  A royal mummy (Depths:3)
  Parghit (Depths:3)
  Frederick (Vaults:2)
  the Lernaean hydra (Swamp:4)
  Xtahua (Depths:3)
  A curse toe (Zot:5)
  7 golden dragons
  the Enchantress (Depths:3)
  A Tzitzimitl (Zot:3)
  Nikola (Depths:1)
  Arachne (Spider:3)
  An electric golem (Zot:5)
  Jorgrun (Spider:1)
  10 liches
  8 tentacled monstrosities
  Rupert (Orc:2)
  A deep elf blademaster (Elf:3)
  19 Orb Guardians
  5 titans (Vaults:5)
  4 quicksilver dragons
  2 deep elf master archers (Elf:3)
  7 death cobs
  4 sphinxes
  An Executioner (Zot:3)
  5 shadow dragons
  4 tengu reavers
  Agnes (D:15)
  Donald (Orc:2)
  2 draconian monks
  19 storm dragons
  8 fire giants
  5 emperor scorpions
  7 draconian knights
  7 deep elf sorcerers
  6 ghost moths
  Aizul (Spider:4)
  9 vault wardens
  An orc warlord (Vaults:4)
  4 frost giants
  6 draconian scorchers
  An angel (Depths:1)
  2 draconian shifters
  5 draconian stormcallers
  The ghost of grumposus the Devastator, an adept DECj of Vehumet (Swamp:3)
  9 ironbound preservers
  6 draconian annihilators
  2 formless jellyfish
  12 ironbound thunderhulks
  5 war gargoyles
  5 spriggan defenders
  11 stone giants
  A broodmother (Spider:3)
  7 black draconians
  4 eleionomae
  2 vampire knights
  13 very ugly things
  11 green draconians
  5 deep elf demonologists
  5 bunyips
  8 purple draconians
  7 white draconians
  2 pale draconians (Depths:4)
  5 deep elf annihilators
  6 dire elephants
  8 spark wasps
  9 yellow draconians
  5 red draconians
  2 pearl dragon zombies (Depths:2)
  Snorg (Orc:2)
  4 crystal guardians (Vaults:4)
  6 fire dragons
  8 ettins
  Josephine (D:13)
  6 entropy weavers
  2 mummy priests (Depths:3)
  12 deep elf death magi
  3 spectral spriggans (Depths:3)
  8 deep elf high priests
  2 great orbs of eyes (shapeshifter) (Vaults:5)
  9 yaktaur captains
  Fannar (D:10)
  7 ice dragons
  Harold (D:10)
  11 hydras
  7 great orbs of eyes
  32 vault guards
  6 ogre magi
  5 peacekeepers
  A ghost crab (Swamp:2)
  A spectral tengu (Depths:3)
  The ghost of olddryhag the Covert, a journeyman OpVM (Orc:1)
  6 centaur warriors
  8 ironbound frosthearts
  4 spriggan air magi
  5 alligators
  2 spectral sphinxes (Depths:3)
  29 dancing weapons
  23 two-headed ogres
  A death knight (Depths:2)
  9 boulder beetles
  5 death yaks
  A deep troll shaman (Depths:4)
  2 tengu warriors (D:15)
  2 thrashing horrors (Lair:5)
  2 vampire magi (Zot:2)
  3 hell hogs (Depths:2)
  7 deep troll earth magi
  2 spectral storm dragons (Depths:3)
  18 deep elf knights
  3 demonic crawlers (Spider:4)
  Urug (Lair:2)
  Sonja (D:11)
  A spriggan berserker (Depths:3)
  2 skysharks
  A fire crab (shapeshifter) (Vaults:5)
  A sixfirhy (Zot:5)
  10 hell knights
  4 pharaoh ants
  6 skeletal warriors (Vaults:2)
  5 iron trolls
  3 sun moths
  3 glowing orange brains
  A flayed ghost (Depths:1)
  43 deep trolls
  2 goliath frogs
  8 orb spiders
  7 swamp dragons
  A sea snake (shapeshifter) (Vaults:5)
  6 spriggan druids
  An orange crystal statue (Vaults:2)
  A spectral spark wasp (Depths:3)
  2 spectral iron dragons (Depths:3)
  7 deep elf archers
  3 bog bodies
  31 deep elf pyromancers
  9 wizards
  An obsidian statue (Depths:3)
  A harpy (Vaults:1)
  A phantasmal warrior (Vaults:5)
  22 ironbound convokers
  4 lindwurms
  Pikel (D:7)
  14 necromancers
  5 steelbarb worms
  8 orc knights
  An orc sorcerer (Elf:3)
  26 deep elf zephyrmancers
  2 tengu skeletons
  5 cyclopes
  A salamander (shapeshifter) (D:14)
  2 manticores
  18 wolf spiders
  31 ugly things
  4 will-o-the-wisps
  A human zombie (Vaults:4)
  10 moths of wrath
  A wolf spider (shapeshifter) (Vaults:5)
  Maurice (D:10)
  5 black mambas
  2 ice statues (IceCv)
  3 apis skeletons (Depths:2)
  A fire giant skeleton (Vaults:2)
  A stone giant skeleton (Vaults:2)
  A toenail golem (D:7)
  A guardian serpent (shapeshifter) (D:15)
  19 vault sentinels
  A frost giant skeleton (Depths:2)
  17 elephants
  3 smoke demons (Lair:5)
  2 molten gargoyles (D:14)
  A torpor snail (shapeshifter) (D:14)
  5 large abominations
  4 gargoyles
  12 cane toads
  4 unseen horrors
  A hellion (Depths:4)
  2 torpor snails
  A rime drake (shapeshifter) (Elf:2)
  12 yaktaurs
  4 tengu conjurers
  A freezing wraith (Vaults:5)
  6 komodo dragons
  A spectral glowing shapeshifter (Depths:3)
  6 guardian mummies (Depths:3)
  3 rime drakes
  2 ancient zymes (Lair:5)
  2 yaktaur skeletons
  6 tyrant leeches
  A hellwing (Depths:4)
  12 hornets
  2 bloated husks
  7 trolls
  A meliai (shapeshifter) (Depths:3)
  A queen bee (shapeshifter) (Lair:5)
  8 tarantellas
  31 blink frogs
  A polar bear (Lair:5)
  A wind drake (shapeshifter) (D:14)
  Grinder (D:6)
  4 dream sheep (Lair:5)
  12 jumping spiders
  14 flying skulls (Zot:2)
  15 small abominations
  16 culicivoras
  An ettin skeleton (Vaults:2)
  A shadow (D:12)
  36 slime creatures
  8 spriggans
  A centaur simulacrum (D:15)
  A ynoxinul (Lair:5)
  An air elemental (Elf:3)
  5 basilisks (Lair:5)
  8 water elementals
  5 wraiths
  31 yaks
  2 dire elephant simulacra (IceCv)
  2 vampires (D:10)
  6 wyverns
  2 chaos spawn (Depths:4)
  A fire elemental (Elf:1)
  63 redbacks
  A steam dragon (shapeshifter) (Vaults:5)
  A golden eye (shapeshifter) (D:14)
  6 steam dragons
  23 vampire mosquitoes
  A neqoxec (Depths:4)
  A warg (Orc:2)
  13 swamp worms
  2 acid dragons
  8 water moccasins
  2 glowing shapeshifter skeletons
  Duvessa (D:7)
  9 swamp drakes
  3 hell hounds (Zot:1)
  7 orc warriors
  2 black bears
  20 ogres
  7 wolves
  8 centaurs
  A gnoll sergeant (D:12)
  5 kobold brigands
  4 bullfrogs
  2 earth elementals
  A scorpion (D:6)
  A glowing shapeshifter simulacrum (Vaults:4)
  3 cane toad simulacra (IceCv)
  4 human skeletons
  5 wights
  Dowan (D:7)
  5 electric eels
  9 howler monkeys
  A vampire bat (Lair:3)
  5 hounds
  3 jellies
  6 orc priests
  2 iguanas
  A sleepcap (D:6)
  10 orc wizards
  A polar bear simulacrum (IceCv)
  16 gnolls
  2 adders
  A white imp (D:6)
  An ufetubus (D:5)
  2 worms (D:3)
  4 dart slugs
  42 orcs
  8 bats
  6 endoplasms
  4 giant cockroaches
  9 goblins
  5 hobgoblins
  3 quokkas
  6 ball pythons
  3 frilled lizards
  22 kobolds
  8 rats
  A fire vortex (D:14)
1680 creatures vanquished.

Vanquished Creatures (collateral kills)
  A dread lich (Zot:5)
  A Killer Klown (Zot:5)
  A golden dragon (Zot:3)
  A profane servitor (Depths:2)
  5 tentacled monstrosities
  3 titans
  A deep elf blademaster (Elf:3)
  2 quicksilver dragons
  6 Orb Guardians
  A deep elf master archer (Elf:3)
  Frances (D:13)
  A sphinx (Vaults:3)
  4 shadow dragons (Vaults:5)
  2 draconian monks (Zot:1)
  2 fire giants
  2 ghost moths
  An iron dragon (Vaults:5)
  2 vault wardens
  4 ironbound preservers
  3 draconian stormcallers
  An orc warlord (Vaults:4)
  A draconian shifter (Zot:5)
  2 very ugly things
  2 war gargoyles
  A stone giant (Vaults:5)
  An ironbound thunderhulk (Vaults:2)
  2 eleionomae
  4 green draconians
  3 red draconians (Zot:1)
  3 yellow draconians
  3 deep elf annihilators
  2 black draconians
  2 spark wasps
  3 white draconians
  2 dire elephants
  A deep elf death mage (Elf:3)
  An ettin (Vaults:5)
  A fire dragon (Depths:2)
  A deep elf high priest (Elf:3)
  A spectral golden dragon (Depths:3)
  3 ice dragons
  A spectral tengu (Depths:3)
  A great orb of eyes (Vaults:3)
  A spriggan air mage (Swamp:3)
  A hell beast (Depths:4)
  5 vault guards
  2 ironbound frosthearts
  4 hydras
  2 boulder beetles
  2 centaur warriors
  An anaconda (shapeshifter) (Vaults:5)
  A radroach (Spider:1)
  2 dancing weapons (Elf:2)
  A tengu warrior (D:15)
  A two-headed ogre (D:11)
  A spectral frost giant (Depths:3)
  2 deep troll shamans
  3 skysharks
  A hell knight (Depths:2)
  10 deep trolls
  2 orb spiders
  A spectral iron dragon (Depths:3)
  2 swamp dragons (Swamp:4)
  A phantasmal warrior (Vaults:5)
  An orc knight (Vaults:4)
  A sphinx zombie (Vaults:3)
  A deep elf pyromancer (Elf:1)
  A lindwurm (shapeshifter) (Vaults:5)
  A wizard (Vaults:1)
  3 necromancers
  2 ironbound convokers
  4 wolf spiders
  2 ugly things
  5 deep elf zephyrmancers
  A tengu skeleton (Vaults:2)
  An ice statue (IceCv)
  An apis skeleton (Depths:2)
  8 elephants
  Joseph (D:7)
  3 moths of wrath
  5 vault sentinels
  A rust devil (Zot:5)
  2 cane toads
  Psyche (D:9)
  Maggie (D:9)
  An elf skeleton (Vaults:2)
  A yaktaur (Vaults:1)
  A komodo dragon (Lair:3)
  A spectral glowing shapeshifter (Depths:3)
  3 guardian mummies (Depths:3)
  A yaktaur skeleton (Vaults:2)
  2 tyrant leeches
  2 hornets
  5 blink frogs
  A tarantella (Spider:4)
  A flying skull (Zot:2)
  A jumping spider (Spider:4)
  A slime creature (Lair:4)
  A spriggan (Depths:3)
  A wraith (D:13)
  Grum (D:11)
  2 culicivoras
  14 yaks
  3 basilisks
  2 chaos spawn
  2 wyverns
  10 redbacks
  A vampire mosquito (D:15)
  2 acid dragons (Depths:4)
  3 water moccasins
  A human skeleton (Depths:2)
  A black bear (Lair:1)
  5 orc warriors
  An ogre (Orc:1)
  6 wolves
  A phantom (D:6)
  A centaur (D:13)
  A kobold brigand (D:8)
  A gnoll sergeant (D:7)
  A scorpion (D:4)
  3 wights (D:8)
  2 howler monkeys (D:12)
  A jelly (D:6)
  3 hounds
  2 orc priests
  A gnoll bouda (D:5)
  5 orc wizards
  A polar bear simulacrum (IceCv)
  3 small abominations (Lair:5)
  7 gnolls
  An adder (D:5)
  A white imp (D:8)
  A dart slug (D:3)
  16 orcs
  A ball python (D:4)
  An endoplasm (D:2)
  2 hobgoblins
  A frilled lizard (D:3)
  6 kobolds
318 creatures vanquished.

Vanquished Creatures (others)
  A deep elf master archer (Elf:3)
  A frost giant (Depths:1)
  2 vault wardens
  A yellow draconian (Zot:1)
  A yaktaur captain (Vaults:1)
  A centaur warrior (Vaults:2)
  A wolf spider (Spider:4)
  A moth of wrath (Zot:1)
  A vault sentinel (Vaults:5)
  2 yaktaurs
  A swamp worm (Swamp:4)
  49 knights
  An ancestor (D:3)
  4 foxfires
67 creatures vanquished.

Grand Total: 2065 creatures vanquished

Notes
Turn   | Place    | Note
-------+----------+-------------------------------------------
     0 | D:1      | iguanaiguana the Formicid Hexslinger began the quest for
                  | the Orb.
     0 | D:1      | Reached XP level 1. HP: 15/15 MP: 2/2
   143 | D:1      | Reached XP level 2. HP: 21/21 MP: 3/3
   222 | D:1      | Reached skill level 3 in Ranged Weapons
   328 | D:1      | Found a faded altar of an unknown god.
   432 | D:1      | Reached XP level 3. HP: 26/26 MP: 4/4
   763 | D:1      | Prayed at the altar of an unknown god.
   763 | D:1      | Became a worshipper of Hepliaklqana the Forgotten
   763 | D:1      | Reached * piety under Hepliaklqana
  1145 | D:2      | Found a hazy altar of Hepliaklqana.
  1354 | D:3      | Reached skill level 4 in Ranged Weapons
  1354 | D:3      | Reached XP level 4. HP: 28/28 MP: 5/5
  1361 | D:3      | Found a basalt altar of Yredelemnul.
  1371 | D:3      | Found a shadowy altar of Dithmenos.
  1560 | D:3      | Reached ** piety under Hepliaklqana
  1561 | D:3      | Remembered your ancestor The Giaggostuono as a knight
  1679 | D:3      | Found a bloodstained altar of Trog.
  1878 | D:4      | Reached XP level 5. HP: 33/33 MP: 6/6
  1884 | D:4      | Reached skill level 5 in Ranged Weapons
  1973 | D:4      | Found a burning altar of Makhleb.
  2166 | D:4      | Reached skill level 6 in Ranged Weapons
  2166 | D:4      | Reached XP level 6. HP: 38/38 MP: 7/7
  2372 | D:4      | Noticed TheGamechu's ghost (amateur HOFi)
  2446 | D:4      | Found a runed translucent gate.
  2446 | D:4      | Found a runed translucent gate.
  2446 | D:4      | Found a runed translucent gate.
  2637 | D:5      | Entered Level 5 of the Dungeon
  2704 | D:5      | Noticed an acid dragon
  2859 | D:5      | Killed an acid dragon
  2860 | D:5      | Reached XP level 7. HP: 16/48 MP: 8/8
  3100 | D:5      | Reached skill level 5 in Fighting
  3126 | D:5      | Found Maijumoa's Weapon Shoppe.
  3137 | D:5      | Found a broken altar of Ashenzari.
  3456 | D:5      | Found a sparkling altar of Nemelex Xobeh.
  3534 | D:5      | Found an ornate altar of the Wu Jian Council.
  3753 | D:6      | Reached XP level 8. HP: 58/58 MP: 9/9
  3829 | D:6      | Found a staircase to the Ecumenical Temple.
  3909 | D:6      | Reached *** piety under Hepliaklqana
  4008 | D:6      | Noticed a yak
  4014 | D:6      | Killed a yak
  4141 | D:6      | Noticed Grinder
  4155 | D:6      | Killed Grinder
  4217 | D:6      | Noticed a yak
  4225 | D:6      | Killed a yak
  4226 | D:6      | Reached XP level 9. HP: 66/66 MP: 10/10
  4367 | D:6      | Reached skill level 1 in Invocations
  4867 | D:7      | Noticed Joseph
  4874 | D:7      | Killed Joseph
  5020 | D:7      | Noticed Pikel
  5033 | D:7      | Killed Pikel
  5034 | D:7      | Reached XP level 10. HP: 72/72 MP: 14/14
  5066 | D:7      | Reached **** piety under Hepliaklqana
  5096 | D:7      | Noticed Duvessa
  5096 | D:7      | Noticed Dowan
  5109 | D:7      | You fall into a shaft and drop 1 floor!
  5489 | D:8      | Found a shimmering altar of Xom.
  5492 | D:8      | Noticed a two-headed ogre
  5504 | D:8      | Killed a two-headed ogre
  5505 | D:8      | Reached skill level 7 in Ranged Weapons
  5687 | D:8      | Reached skill level 8 in Ranged Weapons
  5812 | D:8      | Found a sacrificial altar of Ru.
  5850 | D:8      | Reached skill level 9 in Ranged Weapons
  6160 | D:9      | Noticed Maggie
  6166 | D:9      | Killed Maggie
  6195 | D:9      | Reached XP level 11. HP: 65/77 MP: 14/17
  6279 | D:9      | Found a shimmering blue altar of Sif Muna.
  6328 | D:9      | Reached skill level 10 in Ranged Weapons
  6369 | D:9      | Noticed Psyche
  6458 | D:9      | Found a staircase to the Lair.
  6475 | D:9      | Killed Psyche
  6482 | D:9      | Reached skill level 10 in Invocations
  6669 | D:9      | Found Kamp's Antique Armour Shop.
  7507 | D:7      | Killed Dowan
  7509 | D:7      | Killed Duvessa
  7586 | D:7      | Reached skill level 11 in Ranged Weapons
  7772 | D:10     | Entered Level 10 of the Dungeon
  7774 | D:10     | Noticed a two-headed ogre
  7775 | D:10     | Reached skill level 1 in Shields
  7776 | D:10     | Killed a two-headed ogre
  7815 | D:10     | Found Zuixuziteo's Overcharged Wands.
  7818 | D:10     | Found Ateneh's Changing Room.
  7870 | D:10     | Noticed Harold
  7880 | D:10     | You fall into a shaft and drop 2 floors!
  7913 | D:12     | Noticed a two-headed ogre
  7914 | D:12     | Reached skill level 5 in Shields
  7917 | D:12     | Killed a two-headed ogre
  8162 | D:12     | Noticed a manticore
  8168 | D:12     | Killed a manticore
  8292 | D:11     | Noticed Sonja
  8293 | D:11     | Noticed a two-headed ogre
  8294 | D:11     | Noticed a boulder beetle
  8296 | D:11     | Noticed a two-headed ogre
  8297 | D:11     | Killed a two-headed ogre
  8298 | D:11     | Reached XP level 12. HP: 84/84 MP: 19/19
  8299 | D:11     | Killed a two-headed ogre
  8392 | D:11     | Noticed Grum
  8400 | D:11     | Killed Grum
  8440 | D:11     | Found a frozen archway.
  8467 | D:11     | Reached skill level 10 in Fighting
  8531 | IceCv    | Entered an ice cave
  8874 | IceCv    | Reached skill level 1 in Armour
  8901 | IceCv    | Identified the ring "Piownaew" {Ice Str+3 Int-5 Dex+3}
  9080 | D:11     | Killed a boulder beetle
  9108 | D:11     | Reached ***** piety under Hepliaklqana
  9171 | D:11     | Noticed a two-headed ogre
  9189 | D:11     | Killed a two-headed ogre
  9319 | D:10     | Killed Harold
  9394 | D:10     | Found a staircase to the Orcish Mines.
  9422 | D:10     | Reached XP level 13. HP: 96/96 MP: 20/20
  9434 | D:10     | Noticed Maurice
  9441 | D:10     | Killed Maurice
  9650 | D:10     | Found Faeplonne's Armour Boutique.
  9861 | D:10     | Noticed Fannar
  9867 | D:10     | Killed Fannar
  9868 | D:10     | Reached skill level 12 in Ranged Weapons
 10041 | Lair:1   | Entered Level 1 of the Lair of Beasts
 10698 | Lair:2   | Reached skill level 13 in Ranged Weapons
 10796 | Lair:2   | Noticed Urug
 11084 | Lair:2   | Killed Urug
 11085 | Lair:2   | Reached skill level 14 in Ranged Weapons
 11701 | Lair:3   | Reached ****** piety under Hepliaklqana
 11740 | Lair:3   | Found a hole to the Spider Nest.
 11754 | Lair:3   | Reached XP level 14. HP: 106/106 MP: 21/21
 12149 | Lair:3   | Reached skill level 15 in Ranged Weapons
 12487 | Lair:3   | Found a staircase to the Swamp.
 12818 | Lair:4   | Identified the ring of Dozeab {Fly rPois rF- Dex+3 SInv}
 12910 | Lair:4   | Found a staircase to the Slime Pits.
 12910 | Lair:4   | Found a viscous altar of Jiyva.
 12978 | Lair:4   | Reached skill level 16 in Ranged Weapons
 13213 | Lair:5   | Entered Level 5 of the Lair of Beasts
 13456 | Lair:5   | Reached skill level 15 in Fighting
 13570 | Lair:5   | Reached XP level 15. HP: 116/116 MP: 22/22
 13607 | Lair:5   | Reached skill level 17 in Ranged Weapons
 14177 | Lair:5   | Found a glowing silver altar of Zin.
 14270 | Lair:5   | Reached skill level 18 in Ranged Weapons
 14835 | Lair:5   | Reached skill level 10 in Shields
 14863 | Lair:5   | Found a corrupted altar of Lugonu.
 14863 | Lair:5   | Found a one-way gate to the infinite horrors of the Abyss.
 15521 | D:13     | Noticed Josephine
 15525 | D:13     | Killed Josephine
 15540 | D:13     | Noticed Frances
 15552 | D:13     | Killed Frances
 15674 | D:13     | Found Juhih's Magic Scroll Boutique.
 15687 | D:13     | Bought a scroll of identify for 24 gold pieces
 15687 | D:13     | Identified a scroll of acquirement
 15688 | D:13     | Acquired the +10 triple crossbow "Gakh" {freeze, rF+ Str+2}
 16194 | Orc:1    | Entered Level 1 of the Orcish Mines
 16300 | Orc:2    | Entered Level 2 of the Orcish Mines
 16316 | Orc:2    | Found Yhoucos's Weapon Shoppe.
 16317 | Orc:2    | Found a staircase to the Elven Halls.
 16321 | Orc:2    | Noticed Donald
 16326 | Orc:2    | Killed Donald
 16370 | Orc:2    | Reached XP level 16. HP: 122/122 MP: 23/23
 16385 | Orc:2    | Found Hus Jume's Vocational Training.
 16413 | Orc:2    | Noticed Snorg
 16416 | Orc:2    | Killed Snorg
 16518 | Orc:2    | Noticed Rupert
 16522 | Orc:2    | Killed Rupert
 16587 | Orc:2    | Reached skill level 19 in Ranged Weapons
 16656 | Orc:2    | Found Godwaul's Book Boutique.
 16657 | Orc:2    | Found Dumunwam's Jewellery Shoppe.
 16657 | Orc:2    | Found Avarchu's Magic Scroll Boutique.
 16657 | Orc:2    | Found Moegroom's Assorted Antiques.
 16669 | Orc:2    | Bought a scroll labelled MIEN UNICUXEZ for 22 gold pieces
 16670 | Orc:2    | Bought a scroll of fear for 44 gold pieces
 16670 | Orc:2    | Bought a scroll of fog for 44 gold pieces
 16670 | Orc:2    | Bought a scroll of fog for 44 gold pieces
 16670 | Orc:2    | Bought a scroll of fear for 44 gold pieces
 17054 | Orc:1    | Found a runed translucent door.
 17054 | Orc:1    | Found a shimmering altar of Xom.
 17054 | Orc:1    | Noticed olddryhag's ghost (journeyman OpVM)
 17219 | Orc:1    | Killed olddryhag's ghost
 17655 | D:14     | Reached skill level 20 in Ranged Weapons
 17658 | D:14     | Found a gate to the Vaults.
 18242 | D:15     | Entered Level 15 of the Dungeon
 18761 | D:15     | Found a staircase to the Depths.
 18796 | D:15     | Found a glowing silver altar of Zin.
 18846 | D:15     | Noticed Agnes
 18851 | D:15     | Killed Agnes
 19299 | Swamp:1  | Entered Level 1 of the Swamp
 19310 | Swamp:1  | Reached XP level 17. HP: 127/127 MP: 24/24
 19428 | Swamp:1  | Reached skill level 21 in Ranged Weapons
 19477 | Swamp:1  | Identified the +1 scale mail "Ytod Upaka" {Int+3 Dex+3}
 19528 | Swamp:1  | Noticed a tentacled monstrosity
 19531 | Swamp:1  | Killed a tentacled monstrosity
 20232 | Swamp:3  | Noticed grumposus's ghost (adept DECj)
 20232 | Swamp:3  | Found a runed translucent door.
 20457 | Swamp:3  | Reached skill level 22 in Ranged Weapons
 20471 | Swamp:3  | Identified the +0 plate armour "Wueciju" {Rampage SInv}
 20788 | Swamp:3  | Killed grumposus's ghost
 20807 | Swamp:4  | Entered Level 4 of the Swamp
 20889 | Swamp:4  | Identified the +0 robe "Pithol" {rElec Str+4 Archmagi}
 21046 | Swamp:4  | Reached skill level 5 in Evocations
 21050 | Swamp:4  | Reached skill level 5 in Dodging
 21423 | Swamp:4  | Reached XP level 18. HP: 134/135 MP: 25/25
 21523 | Swamp:4  | Noticed the 27-headed Lernaean hydra
 21582 | Swamp:4  | Killed the 26-headed Lernaean hydra
 21689 | Swamp:4  | Got a decaying rune of Zot
 21838 | Spider:1 | Entered Level 1 of the Spider Nest
 22225 | Spider:1 | Noticed Jorgrun
 22230 | Spider:1 | Killed Jorgrun
 23230 | Spider:3 | Noticed Arachne
 23233 | Spider:3 | You are sucked into a shaft and drop 1 floor!
 23233 | Spider:4 | Entered Level 4 of the Spider Nest
 23334 | Spider:4 | Noticed Aizul
 23343 | Spider:4 | Killed Aizul
 23495 | Spider:4 | Reached XP level 19. HP: 137/143 MP: 24/26
 24263 | Spider:4 | Reached skill level 10 in Dodging
 24302 | Spider:4 | Got a gossamer rune of Zot
 24419 | Spider:3 | Killed Arachne
 25040 | Elf:1    | Entered Level 1 of the Elven Halls
 25236 | Vaults:1 | Entered Level 1 of the Vaults
 25391 | Vaults:1 | Found Guva Iko's Assorted Antiques.
 25951 | Vaults:1 | Reached XP level 20. HP: 153/153 MP: 27/27
 26276 | Vaults:1 | Found a large runed translucent door.
 26276 | Vaults:1 | Found a large runed translucent door.
 26277 | Vaults:1 | Noticed Vogeir's ghost (veteran HuIE)
 27151 | Vaults:2 | Reached skill level 23 in Ranged Weapons
 27156 | Vaults:2 | HP: 6/153 [ironbound frostheart/creeping frost (20)]
 27371 | Vaults:2 | Noticed Frederick
 27380 | Vaults:2 | Killed Frederick
 27859 | Vaults:2 | Identified the ring "Caeck" {rF+ rC+ rN+ Str+6}
 28023 | Vaults:2 | Found a staircase to the Crypt.
 28599 | Vaults:3 | Reached skill level 24 in Ranged Weapons
 28813 | Vaults:3 | Reached XP level 21. HP: 159/159 MP: 28/28
 29036 | Vaults:3 | Identified the amulet "Muedon" {RegenMP Stlth+}
 29372 | Vaults:3 | Reached skill level 25 in Ranged Weapons
 30087 | Vaults:4 | Reached skill level 26 in Ranged Weapons
 30211 | Vaults:4 | Reached skill level 1 in Translocations
 30221 | Vaults:4 | Learned a level 3 spell: Portal Projectile
 30701 | Vaults:4 | Reached skill level 5 in Hexes
 30726 | Vaults:5 | Entered Level 5 of the Vaults
 30934 | Depths:1 | Entered Level 1 of the Depths
 30984 | Depths:1 | Reached XP level 22. HP: 165/165 MP: 29/29
 31061 | Depths:1 | Found a one-way gateway to a ziggurat.
 31061 | Depths:1 | Noticed an ancient lich
 31141 | Depths:1 | Found a gateway to Hell.
 31181 | Depths:1 | Noticed Nikola
 31188 | Depths:1 | Killed Nikola
 31459 | Depths:2 | Learned a level 1 spell: Apportation
 31494 | Depths:2 | Reached skill level 1 in Earth Magic
 31499 | Depths:2 | Reached skill level 1 in Necromancy
 31554 | Depths:2 | Reached skill level 5 in Earth Magic
 32158 | Orc:2    | Bought a book of Unlife for 396 gold pieces
 32164 | Orc:2    | Learned a level 5 spell: Borgnjor's Vile Clutch
 32559 | Depths:2 | Found a one-way gate leading to the halls of Pandemonium.
 32780 | Depths:2 | Noticed a golden dragon
 32784 | Depths:2 | Killed a golden dragon
 32867 | Depths:2 | Found the +7 captain's cutlass {speed, disarm}
 33119 | Depths:2 | Reached skill level 5 in Necromancy
 33159 | Depths:2 | Noticed a profane servitor
 33167 | Depths:2 | Killed a profane servitor
 33169 | Depths:2 | Found a basalt altar of Yredelemnul.
 33588 | Depths:3 | Reached skill level 10 in Earth Magic
 33647 | Depths:3 | Noticed the Enchantress
 33662 | Depths:3 | Killed the Enchantress
 33674 | Depths:3 | Noticed Xtahua
 33677 | Depths:3 | Killed Xtahua
 33772 | Depths:3 | Reached XP level 23. HP: 171/171 MP: 30/30
 34017 | Depths:3 | HP: 8/165 [spriggan air mage/the air (27)]
 34021 | Depths:3 | Noticed Parghit
 34022 | Depths:3 | You fall into a shaft and drop 1 floor!
 34022 | Depths:4 | Entered Level 4 of the Depths
 34352 | Depths:4 | Found Sagg's Book Boutique.
 34352 | Depths:4 | Found Asiane's Jewellery Emporium.
 34353 | Depths:4 | Found Fahaa's Book Boutique.
 35526 | Depths:4 | Noticed a golden dragon
 35532 | Depths:4 | Killed a golden dragon
 35533 | Depths:4 | Reached skill level 5 in Spellcasting
 35619 | Depths:4 | Found a gate to the Realm of Zot.
 36160 | Depths:3 | Noticed Boris
 36571 | Depths:3 | Killed Boris
 36828 | Depths:2 | Reached skill level 10 in Necromancy
 37115 | Orc:2    | Bought a manual of Evocations for 960 gold pieces
 37115 | Orc:2    | Bought a manual of Invocations for 960 gold pieces
 37389 | Depths:3 | Killed Parghit
 37847 | Depths:3 | You fall into a shaft and drop 1 floor!
 38081 | Depths:3 | Reached XP level 24. HP: 179/179 MP: 30/30
 38092 | Depths:3 | Reached skill level 10 in Evocations
 38269 | Depths:3 | Noticed a royal mummy
 38279 | Depths:3 | Killed a royal mummy
 39221 | Elf:1    | Found Uclurie's Book Boutique.
 39539 | Elf:1    | Identified the +1 robe of Beyond {Will+}
 39762 | Elf:2    | Found a runed translucent gate.
 39763 | Elf:2    | Found a runed translucent gate.
 39763 | Elf:2    | Found a runed translucent gate.
 40083 | Elf:2    | Found Behaolli's Weapon Shop.
 40832 | Elf:3    | Entered Level 3 of the Elven Halls
 41170 | Elf:3    | Reached skill level 15 in Evocations
 41693 | Elf:3    | Reached XP level 25. HP: 166/189 MP: 26/33
 41831 | Elf:3    | Identified the ring "Uquap" {rElec Str+6}
 41835 | Elf:3    | Reached skill level 15 in Invocations
 41938 | Elf:3    | Reached XP level 26. HP: 195/195 MP: 34/35
 41978 | Elf:3    | Identified the staff of death "Onnesch" {Fly rElec rC++ rN+
                  | Str-2}
 41984 | Elf:3    | Got the Handbook of Luminous Terra Firma
 41987 | Elf:3    | Identified the staff of fire "Libbiust" {Fly rF+ rN+ SInv}
 42436 | Vaults:4 | You fall into a shaft and drop 1 floor!
 42504 | Vaults:5 | Noticed a dread lich
 42513 | Vaults:5 | Killed a dread lich
 42738 | Vaults:5 | Noticed an ancient lich
 42747 | Vaults:5 | Killed an ancient lich
 43200 | Vaults:5 | Reached skill level 27 in Ranged Weapons
 43212 | Vaults:5 | Reached skill level 5 in Armour
 43581 | Vaults:5 | Identified the +4 swamp dragon scales of the Unseen Realm
                  | {rPois Int+2}
 43699 | Vaults:5 | Got Wetworch's Tome of Charged Bedrock
 43841 | Vaults:5 | Reached XP level 27. HP: 201/201 MP: 36/36
 44158 | Vaults:5 | Reached skill level 10 in Armour
 44210 | Vaults:5 | Identified the +3 quarterstaff of the Forging Pariah
                  | {flame, rN+ Str+4 Dex+2}
 44791 | Vaults:5 | Got a silver rune of Zot
 44847 | Vaults:5 | Got the Directory of Stony Death
 45354 | Zot:1    | Entered Level 1 of the Realm of Zot
 46248 | Zot:1    | Reached skill level 15 in Shields
 48274 | Zot:2    | Noticed a dread lich
 48283 | Zot:2    | Killed a dread lich
 48395 | Zot:2    | Learned a level 4 spell: Passage of Golubria
 48435 | Zot:2    | Reached skill level 5 in Translocations
 49931 | Zot:3    | Reached skill level 10 in Translocations
 51389 | Zot:4    | Noticed an orb of fire
 51389 | Zot:4    | Gained mutation: You are weak. (Str -2) [an orb of fire]
 51412 | Zot:4    | Killed an orb of fire
 52800 | Zot:5    | Entered Level 5 of the Realm of Zot
 52922 | Zot:5    | Found a transporter.
 52923 | Zot:5    | Found a transporter.
 53469 | Zot:5    | Found a transporter.
 53484 | Zot:5    | Found a transporter.
 53488 | Zot:5    | Found a transporter.
 53489 | Zot:5    | Found a transporter.
 53850 | Zot:5    | Noticed a Killer Klown
 53853 | Zot:5    | Noticed an ancient lich
 53866 | Zot:5    | Killed an ancient lich
 53877 | Zot:5    | Killed a Killer Klown
 53885 | Zot:5    | Noticed a dread lich
 53889 | Zot:5    | Killed a dread lich
 54015 | Zot:5    | Noticed a dread lich
 54026 | Zot:5    | Killed a dread lich
 54028 | Zot:5    | Noticed an ancient lich
 54037 | Zot:5    | Killed an ancient lich
 54193 | Zot:5    | Got the Orb of Zot
 54224 | Zot:5    | Noticed an orb of fire
 54240 | Zot:5    | Gained mutation: You are very weak. (Str -4) [an orb of
                  | fire]
 54412 | Depths:4 | Noticed Ikhuc the pandemonium lord
 54428 | Depths:4 | Killed Ikhuc the pandemonium lord
 54639 | D:11     | Killed Sonja
 54780 | D:3      | Noticed Wiyzewk the pandemonium lord
 54876 | D:$      | Escaped with the Orb!

Illustrated notes

Levels and vault maps discovered:
D:1:      shiori_shiawase, layout_basic, ebering_ecumenical_altar_mist
D:2:      layout_basic, basic_altar, amcnicky_mini_corridor_feature
D:3:      layout_rooms, bloody_trog, mainiacjoe_overflow_chevrons,
          nicolae_dithmenos_shadow_blocks, minmay_misc_feat_tiny,
          minmay_fractal_squares_gapless_5
D:4:      layout_loops_cross, kennysheep_mini, gammafunk_ghost_split
D:5:      layout_loops_cross, nemelex_xobeh_ov_fountains_minmay,
          nicolae_ashenzari_panopticon, kennysheep_mini_moat, serial_shops,
          nicolae_inconvenience_store
D:6:      layout_basic, minmay_temple_entry_arrows, portal_sewer_entry_e,
          uniq_grinder
D:7:      layout_cave_pools, nicolae_elevator_lobby_plus, uniq_joseph,
          uniq_duvessa, uniq_pikel
D:8:      layout_cave_pools, mainiacjoe_overflow_alcove_1, lemuel_round_altar,
          corexii_corridor_pit
D:9:      layout_stronghold, nicolae_sif_muna_condensation, erik_lair_island,
          serial_shops, nicolae_shop_real_fake_doors, uniq_psyche, uniq_maggie
D:10:     layout_stronghold, david_orc_2, serial_shops,
          nicolae_shop_tiny_waterfront, nicolae_transmutations_shop,
          grunt_ministairs_14, nicolae_shop_overcharged_wands, uniq_maurice,
          uniq_fannar, uniq_harold
D:11:     layout_basic, portal_ice_cave_entry_pillars_1, billiards_dpeg,
          uniq_sonja, uniq_grum
D:12:     layout_cave_pools
D:13:     layout_loops_cross, serial_shops,
          nicolae_shop_temple_entry_statues_fountains, uniq_frances,
          uniq_josephine
D:14:     cheibrodos_quadrivalence, layout_long_grid, david_vaults_2,
          kennysheep_cross_room
D:15:     grunt_enter_depths_hoard, layout_basic, old_standard_altar, drop_trap,
          minivault_5, uniq_agnes
Lair:1:   layout_long_grid, lemuel_fruit_fields
Lair:2:   layout_cave_pods, lemuel_fruit_fields, grunt_megastairs_1, uniq_urug
Lair:3:   layout_gridlike, nicolae_swamp_entry_splash_gauntlet,
          spider_nest_entry_webs, small_statue_intersection, roderic_batcave,
          lemuel_fruit_tree
Lair:4:   layout_cave_shapes, minmay_slime_entry_pillars, serial_bayou_pond_e,
          infiniplex_staircase_pool_2
Lair:5:   hellmonk_lair_end_abyssal_woods, layout_cave_pods,
          lemuel_centaur_altar
Swamp:1:  layout_basic_swamp, nicolae_swamp_some_circles
Swamp:2:  layout_basic_swamp, hangedman_swamp_ruin_wall, swamp_pool4
Swamp:3:  layout_basic_swamp, gammafunk_ghost_grave, nicolae_swamp_little_tower
Swamp:4:  swamp_old_school, layout_basic_swamp, swamp_pool1
Spider:1: layout_spider_delve, drop_trap, uniq_jorgrun
Spider:2: layout_spider_delve
Spider:3: layout_spider_delve, uniq_arachne
Spider:4: spider_rune_water, uniq_aizul
Orc:1:    layout_caves, basic_altar, ebering_ghost_xom
Orc:2:    st_orc_ogre_mass, layout_diamond_mine, serial_shops, shop_statue,
          nicolae_shop_vocational, uniq_donald, uniq_snorg, uniq_rupert
Elf:1:    minmay_elf_arrival_plus, layout_loops_ring,
          hangedman_elven_crosses_minicolossus, minmay_shop_star,
          lemuel_upstairs_altar
Elf:2:    nicolae_elf_blades_splatter_lattice [nicolae_blade_tridents],
          layout_gridlike, serial_glass, glass_columns_a, glass_columns_a,
          glass_columns_a, glass_columns_b, glass_columns_a, glass_columns_b,
          serial_shops, shop
Elf:3:    minmay_elf_hall_circle, layout_geoelf_diagonals
Vaults:1: ebering_ghost_disaster_area, nicolae_vaults_circle_grid_b,
          dpeg_vaults_monster_row, nicolae_vaults_theta,
          nicolae_vaults_little_ls, ontoclasm_vaults_ring_square,
          ontoclasm_vaults_decontamination,
          vaults_room_grunt_arrival_checkpoint, nicolae_vaults_three_branches,
          vaults_dpeg_spiral, hangedman_vaults_nails, layout_vaults_omnigrid,
          serial_shops, shop
Vaults:2: nicolae_vaults_little_squares_1, v_alt_pattern_6,
          nicolae_vaults_oval_intersection, nicolae_vaults_heart-shaped_vault,
          ontoclasm_vaults_spin, nicolae_vaults_mini_display_case,
          minmay_crypt_entry_skeletal_spiral, hangedman_vaults_nails, v_misc_25,
          nicolae_vaults_wrenched, grunt_vaults_hallway_long,
          nicolae_vaults_statue_guard, ontoclasm_vaults_hangar,
          layout_vaults_ring, uniq_frederick
Vaults:3: hangedman_vaults_unwind, vaults_dpeg_cross, hangedman_vaults_snaps,
          v_misc_11, nicolae_vaults_minivaults, grunt_vaults_diagonal,
          nicolae_vaults_windows_and_doors_thing, vaults_room_fours,
          hangedman_vaults_pinch, layout_vaults_omnicross, serial_glass,
          uniq_margery
Vaults:4: nicolae_vaults_six-pack, grunt_vaults_focal, vaults_mumra_lcd,
          v_misc_30, nicolae_vaults_doubleplus_tesselated,
          nicolae_vaults_ellipses_ellipsis, nicolae_vaults_asterisk,
          nicolae_vaults_angled_halls, hangedman_vaults_slice,
          hangedman_vaults_corner, nicolae_vaults_apartment_2,
          nicolae_vaults_apartment_2, layout_vaults_maze_bifur
Vaults:5
Depths:1: layout_big_octagon, enter_ziggurat_c, hell_entry, abyss_entry,
          kennysheep_decorative_pillar, kennysheep_underground_church,
          uniq_nikola
Depths:2: grunt_house_of_mirrors, layout_gridlike, abyss_entry, pf_coc_iceberg,
          pan_entry, minmay_misc_feat_rows, chequers_serial_rivers_large_b,
          hangedman_blasphemy
Depths:3: lemuel_minitomb, layout_cave_pools, roderic_roman_lattice,
          grunt_metal_band, abyss_entry, uniq_xtahua, uniq_enchantress,
          uniq_josephina, uniq_parghit, uniq_boris
Depths:4: evilmike_zot_entry_gauntlet, layout_gridlike, minmay_room_of_horrors,
          hell_entry, minmay_shop_grove, grunt_megastairs_3
Zot:1:    layout_gridlike
Zot:2:    layout_gridlike, lemuel_lich_library
Zot:3:    layout_basic
Zot:4:    layout_gridville
Zot:5:    layout_cellular_growth, st_stairs_7, serial_nicolae_subway,
          nicolae_sub_station_stone, nicolae_sub_station_crystal,
          nicolae_sub_station_metal

Skill      XL: |  1  2  3  4  5  6  7  8  9 10 11 12 13 14 15 16 17 18 19 20 21 22 23 24 25 26 27 |
---------------+----------------------------------------------------------------------------------+-----
Ranged Weapons | 3 4 6 9 11 14 16 18 20 22 24 26 27 | 27.0
Fighting       | 4 6 8 11 13 15 16 18 19 23 | 23.4
Dodging        | 4 5 8 12 | 12.0
Evocations     | 2 4 5 8 9 15 16 | 16.1
Invocations    | 6 8 10 13 16 18 | 18.5
Stealth        | 6 |  6.0
Shields        | 7 8 12 13 14 20 | 20.0
Armour         | 4 8 10 | 10.7
Translocations | 3 4 13 | 13.0
Hexes          | 5 7 |  7.0
Spellcasting   | 2 3 5 |  5.0
Earth Magic    | 10 13 | 13.0
Necromancy     | 6 10 | 10.0

Action                     |  1- 3 |  4- 6 |  7- 9 | 10-12 | 13-15 | 16-18 | 19-21 | 22-24 | 25-27 || total
---------------------------+-------+-------+-------+-------+-------+-------+-------+-------+-------++-------
  Melee: Dagger            |       |       |     5 |       |       |       |       |       |       ||     5
   Fire: Sling             |   103 |    87 |       |       |       |       |       |       |       ||   190
         Orcbow            |       |    57 |   135 |   132 |       |       |       |       |       ||   324
         Arbalest          |       |       |       |   343 |   795 |       |       |       |       ||  1138
         Triple crossbow   |       |       |       |       |    40 |   679 |   745 |   879 |   968 ||  3311
  Throw: Dart              |       |       |       |     1 |       |       |       |     2 |       ||     3
         Throwing net      |       |       |       |       |       |       |       |     1 |       ||     1
   Cast: Slow              |     2 |       |       |       |       |       |       |       |       ||     2
         Portal Projectile |       |       |       |       |       |       |       |     6 |     3 ||     9
         Borgnjor's Vile C |       |       |       |       |       |       |       |    60 |   131 ||   191
         Apportation       |       |       |       |       |       |       |       |       |     2 ||     2
         Passage of Golubr |       |       |       |       |       |       |       |       |     1 ||     1
 Invoke: Ancestor Life: Kn |       |     1 |       |       |       |       |       |       |       ||     1
         Ancestor Identity |       |     1 |       |       |       |       |       |       |       ||     1
         Recall Ancestor   |       |       |       |     4 |     6 |     3 |     1 |     8 |    16 ||    38
         Transference      |       |       |       |     2 |     2 |     2 |       |       |     1 ||     7
         Idealise          |       |       |       |     1 |     2 |     1 |     2 |     6 |     8 ||    20
Ability: Shaft Self        |       |       |       |     2 |       |     1 |       |     2 |     1 ||     6
         Dig               |       |       |       |     2 |     5 |     4 |       |     3 |     2 ||    16
  Evoke: Wand              |       |       |       |     9 |     6 |     5 |       |     4 |     3 ||    27
         Condenser vane    |       |       |       |       |     1 |     1 |     1 |     1 |     3 ||     7
         Phantom mirror    |       |       |       |       |       |     2 |       |     3 |     2 ||     7
         Box of beasts     |       |       |       |       |       |     1 |       |       |     2 ||     3
         Lightning rod     |       |       |       |       |       |       |     4 |       |       ||     4
         Phial of floods   |       |       |       |       |       |       |       |     2 |       ||     2
    Use: Scroll            |       |     8 |     2 |     8 |    10 |     9 |       |     7 |     8 ||    52
         Potion            |       |     1 |     3 |     5 |       |       |     2 |     9 |    13 ||    33
 Armour: Robe              |     7 |     9 |     4 |       |       |       |       |       |       ||    20
         Acid dragon scale |       |       |    18 |    27 |       |       |       |    39 |    49 ||   133
         Troll leather arm |       |       |       |    16 |   162 |    81 |    14 |     5 |       ||   278
  Dodge: Dodged            |    22 |    26 |    36 |    96 |   207 |   128 |    77 |   162 |   128 ||   882
  Block: Buckler           |       |       |       |    30 |       |       |       |       |       ||    30
         Kite shield       |       |       |       |    22 |   297 |   205 |    99 |   135 |    30 ||   788
         Tower shield      |       |       |       |       |       |       |       |       |   123 ||   123

Table legend: (Time is in decaauts)
 A = Elapsed time spent in this place.
 B = Non-inter-level travel time spent in this place.
 C = Inter-level travel time spent in this place.
 D = Time resting spent in this place.
 E = Time spent auto-exploring this place.
 F = Levels seen in this place.
 G = Mean time per level.
                   A        B        C        D        E       F      G
               +--------+--------+--------+--------+--------+-----+--------+
         Total |  56181 |  49777 |   6404 |   5685 |  31140 |  48 | 1170.4 |
       Dungeon |  14885 |  11913 |   2972 |    916 |   7765 |  15 |  992.3 |
          Lair |   5679 |   5179 |    500 |    345 |   3396 |   5 | 1135.8 |
         Swamp |   2585 |   2476 |    109 |     94 |   1585 |   4 |  646.2 |
   Spider Nest |   2951 |   2776 |    175 |    156 |   1533 |   4 |  737.8 |
  Orcish Mines |   1392 |   1109 |    283 |     50 |    767 |   2 |  696.0 |
   Elven Halls |   3586 |   3392 |    194 |    246 |   2385 |   3 | 1195.3 |
        Vaults |   8724 |   7803 |    921 |    819 |   5035 |   5 | 1744.8 |
        Depths |   7931 |   6757 |   1174 |   1926 |   3418 |   4 | 1982.8 |
           Zot |   7984 |   7912 |     72 |   1069 |   5242 |   5 | 1596.8 |
      Ice Cave |    460 |    460 |      0 |     64 |     13 |   1 |  460.0 |
               +--------+--------+--------+--------+--------+-----+--------+

Top non-repeatable levels by time:
Depths:4: 3683 daAuts
Vaults:5: 2480 daAuts
   Zot:2: 2419 daAuts
Vaults:1: 1942 daAuts
   Zot:4: 1774 daAuts
Depths:2: 1772 daAuts
  Lair:5: 1755 daAuts
Vaults:2: 1694 daAuts
Depths:3: 1557 daAuts
    D:15: 1497 daAuts
     D:9: 1473 daAuts
   Zot:3: 1455 daAuts
Vaults:4: 1354 daAuts
   Elf:3: 1351 daAuts
  Lair:3: 1292 daAuts
